 Dungeon Crawl Stone Soup version 0.19-a0-1637-gfc13266 (webtiles) character file.

1736 Amciq the Ducker (level 8, 0/79 (80) HPs)
             Began as a Troll Monk on Sept 19, 2016.
             Was a Believer of Qazlal.
             Slain by a wyvern skeleton (10 damage)
             ... on level 6 of the Dungeon.
             The game lasted 00:15:29 (4976 turns).

Amciq the Ducker (Troll Monk)                       Turns: 4976, Time: 00:15:29

HP:   0/79 (80)     AC:  5    Str: 20    XL:     8   Next: 76%
MP:   0/9           EV: 11    Int:  6    God:    Qazlal [**....]
Gold: 295           SH:  2    Dex: 14    Spells: 0 memorised, 7 levels left

rFire  . . .     SeeInvis .     a - +0 mace
rCold  . . .     Gourm    +     b - +0 robe
rNeg   . . .     Faith    .     (no shield)
rPois  +         Spirit   +     (helmet restricted)
rElec  .         Dismiss  .     (no cloak)
rCorr  .         Reflect  .     (gloves unavailable)
MR     .....     Harm     .     (boots unavailable)
Stlth  +.........               m - amulet of guardian spirit
                                (no ring)
                                A - ring of poison resistance

@: heavily drained
A: unfitting armour, claws 3, fast metabolism 3, gourmand, regeneration 1,
shaggy fur 1, tough skin 2
a: Upheaval, Renounce Religion


You were on level 6 of the Dungeon.
You worshipped Qazlal.
Qazlal was pleased with you.
You were very full.

You visited 2 branches of the dungeon, and saw 7 of its levels.

You collected 295 gold pieces.

Inventory:

Hand Weapons
 a - a +0 mace (weapon)
Armour
 b - a +0 robe (worn)
 C - a +0 cloak
Jewellery
 m - an amulet of guardian spirit (around neck)
 A - a ring of poison resistance (left claw)
Wands
 f - a wand of random effects (21/48)
 n - a wand of flame (28/48)
 B - a wand of polymorph (18/24)
 D - a wand of iceblast (7/15)
 E - a wand of disintegration (7/24)
Scrolls
 d - 2 scrolls of fear {unknown}
 e - a scroll of teleportation {unknown}
 g - a scroll of recharging {unknown}
 h - a scroll of noise {unknown}
 k - a scroll of immolation {unknown}
 o - 2 scrolls of amnesia {unknown}
 q - 3 scrolls of enchant armour {unknown}
 s - 2 scrolls of remove curse {unknown}
 v - a scroll of fog {unknown}
 w - 5 scrolls of identify {unknown}
 y - 2 scrolls of blinking {unknown}
 F - a scroll of silence {unknown}
Potions
 i - 3 potions of heal wounds {unknown}
 r - 2 potions of degeneration {unknown}
 t - a potion of cancellation {unknown}
 u - 2 potions of magic {unknown}
 z - 2 potions of curing {unknown}
Comestibles
 c - 6 bread rations
 j - 2 royal jellies
 l - 3 meat rations
 p - 2 slices of pizza
 x - 6 fruits


   Skills:
 + Level 5.0(3.2) Fighting
 + Level 5.1(3.3) Maces & Flails
 + Level 3.9(2.1) Armour
 + Level 5.2(3.4) Dodging
 - Level 1.1(0.0) Stealth
 + Level 3.8(2.0) Invocations


You had 7 spell levels left.
You didn't know any spells.

Dungeon Overview and Level Annotations

Branches:
Dungeon (6/15)             Temple (1/1) D:4

Altars:
Ashenzari
Cheibriados
Dithmenos
Elyvilon
Fedhas
Gozag
Hepliaklqana
Kikubaaqudgha
Makhleb
Nemelex Xobeh
Qazlal
Ru
Sif Muna
Trog
Uskayaw
Vehumet
Xom
Zin
The Shining One


Innate Abilities, Weirdness & Mutations

You are too large for most types of armour.
You have claws for hands.
Your metabolism is lightning-fast.
You like to eat raw meat.
Your natural rate of healing is unusually fast.
You are covered in fur. (AC +1)
You have very tough skin. (AC +2)


Message History

The wight is severely damaged.
The wyvern skeleton bites you but does no damage.
The wight hits you with a flail of freezing!
* * * LOW HITPOINT WARNING * * *
You feel drained.
* * * LOW HITPOINT WARNING * * *
The wight freezes you.
* * * LOW HITPOINT WARNING * * *
The wyvern skeleton bites you.
* * * LOW HITPOINT WARNING * * *
You are too injured to fight recklessly!
You hit the wight but do no damage.
The wight is severely damaged.
You block the wyvern skeleton's attack.
The wight hits you with a flail of freezing.
* * * LOW HITPOINT WARNING * * *
The wight freezes you.
* * * LOW HITPOINT WARNING * * *
The wyvern skeleton bites you!
You die...

...# . # ... ... #
#(#### ...#### #+###....
....... #####......#
....... ...........#
....... .......)...#
....... ...##Z.)...#
....... #.@###.# .......
#.z###.###########.
#....#............'.
#....#............#.
#....#(...........#.
#....#........###'#.
##...##..###..##..#.
######...##..###..##..#.
#..
#...##...##...........#.


You could see a wight and a wyvern skeleton.

Vanquished Creatures
  Prince Ribbit (D:6)
  Duvessa (D:6)
  A water moccasin (D:6)
  2 necrophages (D:6)
  A phantom (D:5)
  A centaur (D:6)
  Blork the orc (D:5)
  A bullfrog (D:6)
  Dowan (D:6)
  4 wights (D:6)
  A crimson imp (D:5)
  Crazy Yiuf (D:5)
  4 hounds
  A centaur skeleton (D:4)
  3 orc wizards
  5 worker ants
  2 hound skeletons (D:6)
  Robin (D:4)
  7 adders
  A shadow imp (D:5)
  2 oozes
  5 worms
  3 dart slugs
  9 leopard geckos
  7 orcs
  4 bats
  2 giant cockroaches
  19 goblins
  10 hobgoblins
  3 jackals (D:3)
  9 kobolds
  2 quokkas
  A ball python (D:1)
  4 frilled lizards
  8 rats
128 creatures vanquished.

Notes
Turn   | Place    | Note
-------+----------+-------------------------------------------
     0 | D:1      | Amciq the Troll Monk began the quest for the Orb.
     0 | D:1      | Reached XP level 1. HP: 22/22 MP: 0/0
   101 | D:1      | Reached XP level 2. HP: 27/29 MP: 1/1
   295 | D:1      | Reached skill level 1 in Armour
   622 | D:1      | Reached XP level 3. HP: 33/36 MP: 2/2
   810 | D:2      | Found a hazy altar of Hepliaklqana.
  1226 | D:2      | Reached XP level 4. HP: 44/44 MP: 3/3
  1957 | D:3      | Reached XP level 5. HP: 45/53 MP: 4/4
  2384 | D:4      | Noticed Robin
  2403 | D:4      | Killed Robin
  2483 | D:4      | Found a staircase to the Ecumenical Temple.
  2492 | Temple   | Entered the Ecumenical Temple
  2686 | Temple   | Became a worshipper of Qazlal Stormbringer
  2686 | Temple   | Reached * piety under Qazlal
  2686 | Temple   | Reached ** piety under Qazlal
  2744 | D:4      | Found a snail-covered altar of Cheibriados.
  3057 | D:4      | Reached XP level 6. HP: 60/61 MP: 5/5
  3305 | D:4      | Reached skill level 1 in Invocations
  3425 | D:5      | Entered Level 5 of the Dungeon
  3739 | D:5      | Reached XP level 7. HP: 48/68 MP: 1/7
  3932 | D:5      | Noticed Blork the orc
  3938 | D:5      | Killed Blork the orc
  4117 | D:5      | Found a runed door.
  4121 | D:5      | Noticed Crazy Yiuf
  4131 | D:5      | Killed Crazy Yiuf
  4352 | D:6      | Noticed Prince Ribbit
  4429 | D:6      | Noticed Duvessa
  4449 | D:6      | Killed Duvessa
  4458 | D:6      | Noticed Dowan
  4473 | D:6      | Killed Dowan
  4488 | D:6      | Found a burning altar of Makhleb.
  4494 | D:6      | Reached XP level 8. HP: 76/79 MP: 5/9
  4600 | D:6      | Killed Prince Ribbit
  4684 | D:6      | Reached skill level 5 in Dodging
  4691 | D:6      | Reached skill level 5 in Maces & Flails
  4930 | D:6      | Reached skill level 5 in Fighting
  4976 | D:6      | Slain by a wyvern skeleton

Vault maps used:
D:1:      evilmike_arrival_home_sweet_home
D:2:      nicolae_overflow_crystal_walls
D:3:      first_bread, minmay_hedge_maze
D:4:      cheibriados_altar_1, uniq_robin
D:5:      uniq_crazy_yiuf_cottage, uniq_blork_the_orc
D:6:      makhleb_blood_cavern_becter, uniq_duvessa, uniq_prince_ribbit1
Temple:   eino_temple_rhombus

Skill      XL: |  1  2  3  4  5  6  7  8 |
---------------+-------------------------+-----
Armour         | 1 2 3 |  3.9
Maces & Flails | 3 4 5 |  5.1
Dodging        | 3 4 5 |  5.2
Fighting       | 3 4 5 |  5.0
Invocations    | 1 2 3 |  3.8
Stealth        | |  1.1

Action                   |  1- 3 |  4- 6 |  7- 9 || total
-------------------------+-------+-------+-------++-------
Melee: Mace              |    98 |   284 |   172 ||   554
Invok: Upheaval          |       |     3 |     4 ||     7
  Use: Potion            |       |     1 |       ||     1
 Stab: Sleeping          |     4 |     1 |       ||     5
  Eat: Chunk             |    17 |    19 |    16 ||    52
Armor: Robe              |    41 |    63 |    35 ||   139
Dodge: Dodged            |    51 |   143 |   102 ||   296
Block: Other             |       |    11 |    17 ||    28
